[Event "Late-Titled-Tuesday-Blitz-October-03-2023"]
[Site "Chess.com"]
[Date "2023.10.03"]
[Round "1"]
[White "kaanadayhamle"]
[Black "Byniolus"]
[Result "0-1"]
[WhiteElo "2414"]
[BlackElo "2750"]
[TimeControl "180+1"]
[EndTime "14:08:32 PDT"]
[Termination "Byniolus won by resignation"]

1. Nf3 d5 2. g3 Nf6 3. Bg2 Bf5 4. O-O e6 5. c4 c6 6. d4 Nbd7 7. cxd5 exd5 8. Nc3 Bd6 9. Bg5 h6 10. Bf4 Bxf4 11. gxf4 O-O 12. e3 Re8 13. Ne5 Nf8 14. Qb3 Qb6 15. Qxb6 axb6 16. a3 b5 17. Rac1 N6d7 18.
Rfd1 Nb6 19. Ne2 f6 20. Nd3 Nc4 21. Rc2 Nd7 22. Ng3 Bh7 23. Bh3 Ndb6 24. Bf5 Nd6 25.
Bxh7+ Kxh7 26. Nc5 Nbc4 27. Rdc1 g5 28. fxg5 hxg5 29.
Kg2 Kg6 30. Kf3 Rh8 31. Kg2 Rae8 32. Re2 Rh7 33. Ra1 Reh8 34. Nf1 Nf5 35. b3 Ncd6 36.
f3 Re8 37. Rae1 Rhe7 38. Kf2 Ra8 39. Ra1 Ng7 40. Nd3 Ne6 41. Ng3 Rh7 42. Kg1 Re8 43.
Rae1 Rhe7 44. Kf2 Nf7 45. Kg1 f5 46. f4 gxf4 47. Nxf4+ Nxf4 48. exf4 Rxe2 49. Rxe2 Rxe2 50. Nxe2 Nd6 51. Kf2 Ne4+ 52. Ke3 b6 53. b4 Nd6 54. Kd3 Nc4 55. Nc3 Nxa3 56. Nd1 Nc4 57. Nf2 Nd6 58.
Ke3 Ne4 59. Nd3 Kf6 60. Ne5 c5 61. bxc5 bxc5 62. dxc5 Nxc5 63. Kd4 Ne6+ 64. Ke3 d4+ 65. Kf3 b4 66. Nd3 b3 67. Ke2 Nxf4+ 68. Nxf4 b2 69.
Nd5+ Kg7 70. Nc3 dxc3 0-1

[Event "Late-Titled-Tuesday-Blitz-October-03-2023"]
[Site "Chess.com"]
[Date "2023.10.03"]
[Round "1"]
[White "microbear"]
[Black "FoxOnTheRun97"]
[Result "0-1"]
[WhiteElo "2186"]
[BlackElo "2547"]
[TimeControl "180+1"]
[EndTime "14:08:33 PDT"]
[Termination "FoxOnTheRun97 won by resignation"]

1. e4 c6 2. d4 d5 3. exd5 cxd5 4. Nf3 Nc6 5. h3 Bf5 6. c3 e6 7. Bd3 Bg6 8. O-O Nf6 9. Bg5 Be7 10. Bxf6 Bxf6 11.
Bxg6 hxg6 12. Nbd2 Qc7 13. Rc1 g5 14. c4 dxc4 15. Nxc4 Rd8 16. Ne3 Qd6 17. d5 exd5 18.
Nf5 Qb8 19. Re1+ Kf8 20. Qd2 Qf4 21. Qxf4 gxf4 22. Red1 g6 23. N5d4 Nxd4 24. Nxd4 Kg7 25. Rc7 Rb8 26. b3 Rhc8 27. Ne6+ Kg8 28. Rxc8+ Rxc8 29. Nxf4 d4 30. Nd5 Kg7 31. Nxf6 Kxf6 32. Rxd4 Rc1+ 33. Kh2 Rc2 34. Ra4 a6 35. Kg3 Kg5 36.
Ra5+ f5 37. a4 Rc3+ 38. f3 Rxb3 39. h4+ Kf6 40. Rd5 Rb4 41. Rd6+ Kf7 42. a5 Rb5 43. Rd7+ Kf6 44. Rd6+ Kg7 45. Rd7+ Kh6 46. Re7 Rxa5 47. Rxb7 Ra1 48. Ra7 a5 49. Kf4 Ra4+ 50. Kg3 Ra2 51. Kh3 f4 52. Kg4 Rxg2+ 53. Kxf4 Ra2 54. Ra6 Kh5 55.
Ra8 Ra4+ 56. Ke5 Kxh4 57. Kf6 Kg3 58. Ke5 Kxf3 59. Kd5 g5 60. Kc5 g4 61. Kb5 Ra1 62.
Rf8+ Kg2 63. Kc4 g3 64. Kb3 Kg1 65. Kb2 Rf1 66. Ra8 Rf5 67. Kc2 g2 68. Kd2 Kf2 0-1

[Event "Late-Titled-Tuesday-Blitz-October-03-2023"]
[Site "Chess.com"]
[Date "2023.10.03"]
[Round "1"]
[White "Dubs123"]
[Black "ozates"]
[Result "0-1"]
[WhiteElo "2339"]
[BlackElo "2635"]
[TimeControl "180+1"]
[EndTime "14:08:37 PDT"]
[Termination "ozates won by resignation"]

1. d4 Nf6 2. c4 e6 3. Nc3 d5 4.
cxd5 Nxd5 5. e4 Nxc3 6. bxc3 c5 7. Rb1 Nc6 8. d5 exd5 9. exd5 Ne5 10. Bb5+ Bd7 11.
Qe2 Bd6 12. f4 O-O 13. fxe5 Bxe5 14. Nf3 Bxc3+ 15. Kf2 Bf5 16. Bd3 Qxd5 17. Bxf5 Qxf5 18. Be3 Rfe8 19. Rhd1 Bd4 20. Rb3 Re4 21. Qb5 a6 22.
Qxb7 Rae8 23. Bxd4 Re2+ 24. Kg1 Qc2 25. Rf1 Rxg2+ 26. Kh1 cxd4 27. Qd7 Rge2 28. Qxf7+ Kxf7 29. Nxd4+ Rf2 30. Rb7+ Kg8 31. Nxc2 Rxf1+ 32. Kg2 Rc1 33. Nb4 h6 34. Nxa6 Re2+ 35. Kg3 Rxa2 36. Nc7 Rc3+ 37. Kf4 Rxh2 38. Ne6 Rg2 39. Nd4 Rc8 40. Nf5 Rf8 41.
Ke5 Rxf5+ 42. Kxf5 Kh7 43. Kf4 Rg5 44. Rb6 Rg6 45. Rb5 Rg1 46. Rb6 h5 47. Kf5 Rg4 48.
Ra6 Kg8 49. Ra8+ Kf7 50. Ra7+ Kg8 51. Ke5 Rg6 52. Kf5 Kh7 53. Ra5 h4 54. Kf4 Kh6 55. Ra3 Rg1 56. Rh3 g5+ 57. Kf5 Kh5 58. Ra3 Rf1+ 59.
Ke4 Kg4 60. Ra2 Rf4+ 61. Ke3 h3 62. Ra1 Kh4 63. Rg1 Rf8 64. Ke2 g4 65. Rc1 h2 66.
Rc7 Kg3 67. Rh7 Kg2 68. Rg7 g3 69. Rh7 h1=Q 70. Rxh1 Kxh1 0-1

[Event "Late-Titled-Tuesday-Blitz-October-03-2023"]
[Site "Chess.com"]
[Date "2023.10.03"]
[Round "1"]
[White "maracayo"]
[Black "jguerramzllo"]
[Result "1/2-1/2"]
[WhiteElo "2413"]
[BlackElo "2708"]
[TimeControl "180+1"]
[EndTime "14:08:46 PDT"]
[Termination "Game drawn by repetition"]

1. e4 e5 2. Nf3 Nc6 3. Be2 Nf6 4.
d3 d5 5. Nbd2 Be7 6. O-O O-O 7.
c3 a5 8. h3 Re8 9. Re1 Bf8 10.
Qc2 h6 11. Bf1 b6 12. exd5 Nxd5 13. Nc4 f6 14. a4 Bf5 15. Qb3 Kh8 16. Bd2 Bh7 17.
Rad1 Qd7 18. Bc1 Rad8 19. Qb5 Nb8 20. d4 e4 21. Qxd7 Nxd7 22. Nfd2 f5 23. g3 Re6 24.
Bg2 Rde8 25. Nf1 g5 26. Nce3 c6 27. Nxd5 cxd5 28. Ne3 Nf6 29. c4 Rd8 30. cxd5 Nxd5 31. Nxd5 Rxd5 32. Re3 Bg7 33. Rb3 Bxd4 34. Kf1 Red6 35.
Be3 Bxe3 36. Rxd5 Rxd5 37. fxe3 Rd2 38. Rxb6 Bg8 39. Rxh6+ Kg7 40. Rb6 Bc4+ 41. Kg1 Rd1+ 42. Kh2 Rd2 43. Kg1 Be2 44. h4 g4 45. b4 axb4 46. a5 Ra2 47. a6 Bxa6 48. Rxb4 Be2 49. Rb6 Bf3 50. Bf1 Ra1 51. Kf2 Ra2+ 52. Kg1 Ra3 53. Kf2 Rc3 54. Rb7+ Kg6 55. Rb6+ Kf7 56.
Rb7+ Kf6 57. Rb6+ Ke5 58. Rb5+ Ke6 59. Rb6+ Ke7 60. h5 Rc8 61. h6 Rh8 62. Bc4 Bd1 63. h7 Ba4 64. Rb7+ Kf6 65. Bg8 Be8 66.
Ke1 Bg6 67. Rb6+ Kg5 68. Rb7 Kh6 69. Rb6 Kg7 70. Rb7+ Kh6 71. Rb6 Kg7 72. Rb7+ Kh6 1/2-1/2

[Event "Late-Titled-Tuesday-Blitz-October-03-2023"]
[Site "Chess.com"]
[Date "2023.10.03"]
[Round "1"]
[White "Iball95"]
[Black "RIPOL"]
[Result "1/2-1/2"]
[WhiteElo "2767"]
[BlackElo "2435"]
[TimeControl "180+1"]
[EndTime "14:09:06 PDT"]
[Termination "Game drawn by repetition"]

1. e4 Nf6 2. e5 Nd5 3. c4 Nb6 4. c5 Nd5 5. Bc4 c6 6. Nc3 e6 7. d4 b6 8. Nf3 Ba6 9. Qe2 Bxc4 10. Qxc4 Be7 11. O-O O-O 12. Ne4 Qc8 13. Bg5 f6 14. exf6 gxf6 15. Bh6 Rf7 16. Rfe1 Kh8 17. b4 b5 18. Qb3 a5 19. a3 Na6 20. Nc3 Nac7 21. Ne2 Qg8 22. Ng3 Qg6 23. Bd2 a4 24. Qb1 Rg8 25.
Qxg6 hxg6 26. Ne2 Kg7 27. h4 Rh8 28. g3 Kf8 29. Kg2 Ke8 30. Rh1 Kf8 31. Rae1 Kg7 32. Nc1 Bd8 33. Nd3 Be7 34. Re2 Bd8 35. Nh2 Be7 36.
Ng4 Bd8 37. Ree1 Be7 38. Rh2 Bd8 39. Reh1 Rff8 40. Kf3 Rh5 41. Kg2 Rfh8 42. Re1 Kf7 43. Rhh1 Be7 44. Ne3 Bd8 45. f3 Be7 46. Nxd5 Nxd5 47.
Rd1 Bd8 48. Nf2 Bc7 49. Ne4 Bb8 50. Rh3 Bc7 51. Rdh1 R5h7 52. Kf2 Bb8 53. Kg2 Bc7 54. Nc3 Nxc3 55. Bxc3 Bb8 56. Bd2 Bc7 57. g4 Bb8 58. Be3 Bc7 59. Bf2 Bb8 60. Bg3 Bxg3 61. Kxg3 Kg7 62.
Kf4 Rxh4 63. Rxh4 Rxh4 64. Rxh4 g5+ 65. Kg3 gxh4+ 66. Kxh4 Kg6 67. f4 Kh6 68. Kg3 Kg6 69. Kf3 f5 70. gxf5+ Kxf5 71. Ke3 Kg6 72. Kf2 Kf5 73. Kf3 Kg6 74. Kg4 Kf6 75. Kg3 Kf5 76. Kf3 Kg6 77. Ke4 Kf6 78. Ke3 Kf5 79. Kf3 1/2-1/2

[Event "Late-Titled-Tuesday-Blitz-October-03-2023"]
[Site "Chess.com"]
[Date "2023.10.03"]
[Round "1"]
[White "Elsa167"]
[Black "as9killer2"]
[Result "0-1"]
[WhiteElo "2885"]
[BlackElo "2480"]
[TimeControl "180+1"]
[EndTime "14:09:15 PDT"]
[Termination "as9killer2 won by checkmate"]

1. d4 d5 2. c4 e6 3. Nf3 a6 4.
cxd5 exd5 5. Nc3 Nf6 6. Bg5 Be6 7. Bxf6 Qxf6 8. Qb3 Ra7 9. g3 Qd8 10. h4 h6 11. Bh3 Bxh3 12. Rxh3 c6 13. e4 dxe4 14. Ne5 Qc7 15. Nxe4 c5 16. O-O-O cxd4+ 17. Qc4 Qxc4+ 18.
Nxc4 Nc6 19. Rhh1 Be7 20. Ned6+ Kf8 21. Nc8 Ra8 22. N4b6 Rxc8 23. Nxc8 Bc5 24. Rhe1 g6 25. Kb1 Kg7 26. Rc1 Bb4 27. Nb6 Bxe1 28. Rxe1 Rd8 29. Nc4 b5 30. Nd2 Nb4 31. Re2 Rc8 32. a3 Nd3 33.
Nb3 Rd8 34. Rd2 Ne5 35. Rxd4 Rxd4 36. Nxd4 Ng4 37. f4 Ne3 38. Kc1 h5 39. Ne2 Kf6 40. Kd2 Nf5 41. Kd3 Ke6 42. Ke4 Kd6 43. b4 f6 44. Kf3 Kd5 45. g4 hxg4+ 46. Kxg4 Ne3+ 47. Kf3 Nc2 48. f5 gxf5 49. h5 Ke6 50. h6 Kf7 51. Nf4 Nxa3 52. Nd5 Kg6 53. Kf4 Nc2 54. h7 Kxh7 55. Kxf5 Kg7 56. Ke6 Nd4+ 57. Kd6 Kf7 58. Kc5 Nc2 59. Nc7 f5 60. Nd5 Ke6 61. Nf4+ Ke5 62.
Nd3+ Ke4 63. Nf2+ Ke3 64. Nd1+ Kd2 65. Nf2 Kc3 66. Nd1+ Kb3 67. Kb6 Nxb4 68. Ka5 f4 69. Nf2 f3 70. Ne4 Ka3 71. Kb6 Nd5+ 72. Kxa6 b4 73. Kb5 b3 74. Kc4 Nb6+ 75. Kc3 b2 76. Kc2 Ka2 77. Nc3+ Ka1 78. Kd2 Nd5 79. Nxd5 b1=Q 80.
Ke3 Qb3+ 81. Nc3 Qxc3+ 82. Kf2 Qd3 83. Kg1 Qe2 84. Kh1 Qg2# 0-1

[Event "Late-Titled-Tuesday-Blitz-October-03-2023"]
[Site "Chess.com"]
[Date "2023.10.03"]
[Round "2"]
[White "FaustinoOro"]
[Black "Chessdreamer2020"]
[Result "1-0"]
[WhiteElo "2878"]
[BlackElo "2547"]
[TimeControl "180+1"]
[EndTime "14:10:21 PDT"]
[Termination "FaustinoOro won by resignation"]

1. e4 d6 2. d4 Nf6 3. Nc3 c6 4. Nf3 Bg4 5. h3 Bxf3 6. Qxf3 e6 7. Bd3 d5 8. exd5 cxd5 9. O-O Nc6 10. Ne2 Be7 11.
c3 O-O 12. Re1 a6 13. a4 1-0

[Event "Late-Titled-Tuesday-Blitz-October-03-2023"]
[Site "Chess.com"]
[Date "2023.10.03"]
[Round "2"]
[White "Joel1285"]
[Black "Qvalda"]
[Result "0-1"]
[WhiteElo "1907"]
[BlackElo "2385"]
[TimeControl "180+1"]
[EndTime "14:11:18 PDT"]
[Termination "Qvalda won by resignation"]

1. d4 e6 2. c4 Nf6 3. Nf3 b6 4. a3 Bb7 5. Nc3 d5 6. cxd5 Nxd5 7. Bd2 c5 8. Nxd5 Bxd5 9. dxc5 Bxc5 10. Bc3 O-O 11.
e3 Nc6 12. Be2 Qc7 13. Rc1 Rad8 14. b4 Be7 15. b5 Bxf3 0-1

[Event "Late-Titled-Tuesday-Blitz-October-03-2023"]
[Site "Chess.com"]
[Date "2023.10.03"]
[Round "2"]
[White "AyMitecK"]
[Black "KaydenTroffChess"]
[Result "1-0"]
[WhiteElo "2548"]
[BlackElo "2751"]
[TimeControl "180+1"]
[EndTime "14:11:20 PDT"]
[Termination "AyMitecK won by checkmate"]

1. e4 c5 2. Nf3 g6 3. d4 cxd4 4. Qxd4 Nf6 5. Bb5 a6 6. e5 axb5 7. exf6 Nc6 8. Qd3 e6 9. O-O b4 10. Nbd2 d5 11. Re1 Qxf6 12. Qxd5 Bg7 13. Ne4 exd5 14.
Nxf6+ Kf8 15. Re8# 1-0

[Event "Late-Titled-Tuesday-Blitz-October-03-2023"]
[Site "Chess.com"]
[Date "2023.10.03"]
[Round "2"]
[White "Sacbutt"]
[Black "adricalderon8"]
[Result "0-1"]
[WhiteElo "2246"]
[BlackElo "2492"]
[TimeControl "180+1"]
[EndTime "14:11:28 PDT"]
[Termination "adricalderon8 won by resignation"]

1. e4 c5 2. Nf3 d6 3. d4 cxd4 4.
Nxd4 Nf6 5. Nc3 Nc6 6. Be3 Ng4 7.
Bc1 Qb6 8. Nce2 e5 9. Nxc6 Qxf2+ 10. Kd2 bxc6 11. c3 Qe3+ 12. Kc2 Qxe4+ 13. Kb3 Be6+ 14.
Ka3 d5+ 15. b4 a5 16. Ng3 axb4+ 17. Kb2 bxc3+ 18. Kxc3 0-1

[Event "Late-Titled-Tuesday-Blitz-October-03-2023"]
[Site "Chess.com"]
[Date "2023.10.03"]
[Round "2"]
[White "Russian_berezka"]
[Black "shirovin"]
[Result "1-0"]
[WhiteElo "2642"]
[BlackElo "2076"]
[TimeControl "180+1"]
[EndTime "14:11:31 PDT"]
[Termination "Russian_berezka won by resignation"]

1. d4 Nf6 2. Nc3 d5 3. Bf4 a6 4.
e3 c5 5. dxc5 Nc6 6. Nf3 Bg4 7.
Be2 e6 8. Na4 Qa5+ 9. c3 Ne4 10.
b4 Qc7 11. Bxc7 1-0

[Event "Late-Titled-Tuesday-Blitz-October-03-2023"]
[Site "Chess.com"]
[Date "2023.10.03"]
[Round "2"]
[White "Mariia89"]
[Black "MathiasWomacka"]
[Result "0-1"]
[WhiteElo "2046"]
[BlackElo "2526"]
[TimeControl "180+1"]
[EndTime "14:11:33 PDT"]
[Termination "MathiasWomacka won by resignation"]

1. d4 Nf6 2. Nf3 e6 3. Bg5 c5 4. e3 Qb6 5. Qc1 Nc6 6. c3 d5 7.
Nbd2 cxd4 8. exd4 e5 9. dxe5 Ng4 10. Bh4 Bc5 11. Nb3 Bxf2+ 12. Ke2 Bxh4 13. Nxh4 Qf2+ 0-1

[Event "Late-Titled-Tuesday-Blitz-October-03-2023"]
[Site "Chess.com"]
[Date "2023.10.03"]
[Round "2"]
[White "Gameking51"]
[Black "GM_dmitrij"]
[Result "0-1"]
[WhiteElo "2614"]
[BlackElo "3054"]
[TimeControl "180+1"]
[EndTime "14:12:14 PDT"]
[Termination "GM_dmitrij won by resignation"]

1. e4 c6 2. d4 d5 3. exd5 cxd5 4.
Nf3 Nc6 5. c4 Nf6 6. Nc3 a6 7.
Ne5 e6 8. Nxc6 bxc6 9. Bd3 Bd6 10. O-O O-O 11. Bg5 h6 12. Bh4 a5 13. Rc1 Bb7 14. Re1 dxc4 15. Bxc4 Be7 0-1

[Event "Late-Titled-Tuesday-Blitz-October-03-2023"]
[Site "Chess.com"]
[Date "2023.10.03"]
[Round "2"]
[White "YellowJacek"]
[Black "venturov"]
[Result "0-1"]
[WhiteElo "2292"]
[BlackElo "2501"]
[TimeControl "180+1"]
[EndTime "14:12:20 PDT"]
[Termination "venturov won by resignation"]

1. e4 Nf6 2. e5 Nd5 3. d4 d6 4.
Nf3 dxe5 5. Nxe5 c6 6. c4 Nb4 7. Be3 Bf5 8. Na3 Nd7 9. Nd3 Nxd3+ 10. Bxd3 Bxd3 11. Qxd3 e6 12. O-O Bd6 13. c5 Bc7 14. Rad1 O-O 15. b4 Qh4 16. g3 Qh3 17. Qd2 Nf6 18.
Bf4 Bxf4 19. Qxf4 Ng4 0-1

[Event "Late-Titled-Tuesday-Blitz-October-03-2023"]
[Site "Chess.com"]
[Date "2023.10.03"]
[Round "2"]
[White "louis198"]
[Black "nihalsarin"]
[Result "0-1"]
[WhiteElo "2617"]
[BlackElo "3066"]
[TimeControl "180+1"]
[EndTime "14:12:25 PDT"]
[Termination "nihalsarin won by resignation"]

1. d4 a6 2. c4 b5 3. e3 Bb7 4.
Nf3 bxc4 5. Bxc4 e6 6. O-O Nf6 7. a4 d5 8. Bd3 c5 9. dxc5 Bxc5 10. Bd2 Nc6 11. Qe2 O-O 12. Rc1 Qe7 13. Bc3 Bd6 14. Nbd2 e5 15. Bf5 g6 16. Bh3 Rfe8 17. Nb3 Nh5 18. Ba5 d4 19. exd4 Nf4 20. Qf1 Nxh3+ 21. gxh3 Nxa5 22. Nbd2 e4 23. Ne5 Bxe5 0-1

[Event "Late-Titled-Tuesday-Blitz-October-03-2023"]
[Site "Chess.com"]
[Date "2023.10.03"]
[Round "2"]
[White "Real_taiatai"]
[Black "Road2GM3000"]
[Result "0-1"]
[WhiteElo "2538"]
[BlackElo "2360"]
[TimeControl "180+1"]
[EndTime "14:12:29 PDT"]
[Termination "Road2GM3000 won by resignation"]

1. e4 c5 2. Nf3 d6 3. Bb5+ Bd7 4.
Bxd7+ Nxd7 5. O-O Ngf6 6. Re1 e6 7. c4 Be7 8. Nc3 O-O 9. d4 cxd4 10. Nxd4 Rc8 11.
b3 a6 12. Bb2 Qa5 13. Rc1 Qh5 14. Qd2 Ng4 15. h3 Nge5 16. f4 Nc6 17. Nf3 Bh4 18.
Red1 Bg3 19. Qxd6 Rfd8 20. Ne2 Nde5 21. Nxg3 Nxf3+ 22. gxf3 Qxf3 23. Qc5 Qxg3+ 24. Kf1 Qxh3+ 25. Ke2 Qg2+ 26. Ke1 Qxe4+ 27. Kf1 Qxf4+ 28. Qf2 Qxf2+ 29. Kxf2 Rxd1 30. Rxd1 Rd8 31. Rg1 Rd2+ 0-1

[Event "Late-Titled-Tuesday-Blitz-October-03-2023"]
[Site "Chess.com"]
[Date "2023.10.03"]
[Round "2"]
[White "PapaieDudu"]
[Black "elcala"]
[Result "1-0"]
[WhiteElo "2383"]
[BlackElo "1718"]
[TimeControl "180+1"]
[EndTime "14:12:31 PDT"]
[Termination "PapaieDudu won by checkmate"]

1. e4 e5 2. f4 d6 3. Nf3 Nc6 4. Bc4 h6 5. d4 exd4 6. Nxd4 Nxd4 7. Qxd4 Qf6 8. e5 dxe5 9. fxe5 Qe7 10. O-O Be6 11.
Be3 Bxc4 12. Qxc4 c6 13. Nc3 O-O-O 14. Rxf7 Qxe5 15. Qg4+ Kb8 16. Bf4 Bc5+ 17. Kh1 Qxf4 18. Qxf4+ Bd6 19. Rd1 Bxf4 20. Rxd8# 1-0

[Event "Late-Titled-Tuesday-Blitz-October-03-2023"]
[Site "Chess.com"]
[Date "2023.10.03"]
[Round "2"]
[White "FrankDux44"]
[Black "Mykola-Bortnyk"]
[Result "0-1"]
[WhiteElo "2576"]
[BlackElo "2946"]
[TimeControl "180+1"]
[EndTime "14:12:37 PDT"]
[Termination "Mykola-Bortnyk won by resignation"]

1. e4 Nf6 2. e5 Nd5 3. c4 Nb6 4. d4 d6 5. exd6 exd6 6. Nc3 Nc6 7. d5 Ne5 8. Be2 Be7 9. b3 O-O 10. Nf3 Nxf3+ 11. Bxf3 Bf6 12. Bb2 Re8+ 13. Kf1 Bf5 14. Qd2 a5 15. a4 Nd7 16. g4 Bg6 17. Kg2 Nc5 18. Qd1 Nd3 19. Qd2 Bg5 0-1

[Event "Late-Titled-Tuesday-Blitz-October-03-2023"]
[Site "Chess.com"]
[Date "2023.10.03"]
[Round "2"]
[White "Verony64"]
[Black "Aswathchess"]
[Result "0-1"]
[WhiteElo "2227"]
[BlackElo "2615"]
[TimeControl "180+1"]
[EndTime "14:12:46 PDT"]
[Termination "Aswathchess won by resignation"]

1. e4 g6 2. Nc3 Bg7 3. d3 d6 4.
g3 c5 5. Bg2 Nc6 6. f4 Nf6 7.
Nf3 O-O 8. O-O Bg4 9. h3 Bxf3 10. Bxf3 Nd4 11. Bg2 Nd7 12. Be3 b5 13. Qd2 Rb8 14.
Rae1 e6 15. Nd1 b4 16. c3 bxc3 17. bxc3 Nb5 18. a4 Na3 19. Qa2 Nb1 20. d4 Qa5 21.
Qc2 Rfc8 22. Nb2 Qxc3 23. Qb3 Qxb3 0-1

[Event "Late-Titled-Tuesday-Blitz-October-03-2023"]
[Site "Chess.com"]
[Date "2023.10.03"]
[Round "2"]
[White "AlivodicDario"]
[Black "GAusal"]
[Result "1-0"]
[WhiteElo "2498"]
[BlackElo "2278"]
[TimeControl "180+1"]
[EndTime "14:12:48 PDT"]
[Termination "AlivodicDario won by resignation"]

1. d4 d5 2. c4 c6 3. Nf3 dxc4 4. a4 Nf6 5. Nc3 Bf5 6. Ne5 e6 7. f3 Bd6 8. e4 Bg6 9. Nxg6 hxg6 10. e5 Bxe5 11.
dxe5 Qxd1+ 12. Kxd1 Nd5 13. Bxc4 Nxc3+ 14. bxc3 Nd7 15. f4 Nc5 16. Be3 Ne4 17. Kc2 c5 18.
Bd3 f5 19. exf6 Nxf6 20. Bxg6+ Ke7 21. Bxc5+ 1-0

[Event "Late-Titled-Tuesday-Blitz-October-03-2023"]
[Site "Chess.com"]
[Date "2023.10.03"]
[Round "2"]
[White "MAGMAchess02"]
[Black "Dhaydon19"]
[Result "0-1"]
[WhiteElo "2364"]
[BlackElo "2738"]
[TimeControl "180+1"]
[EndTime "14:12:53 PDT"]
[Termination "Dhaydon19 won by resignation"]

1. e4 c6 2. Nf3 d5 3. exd5 cxd5 4.
Ne5 Nc6 5. d4 Nf6 6. Bb5 Bd7 7.
Nxd7 Qxd7 8. O-O e6 9. c3 Bd6 10. Nd2 Qc7 11. h3 O-O 12. Re1 Rac8 13. Nf3 Ne4 14.
Bd3 f5 15. Qe2 Rf6 16. Ng5 h6 17. Nf3 g5 18. Ne5 Nxe5 19. dxe5 Bxe5 20. f3 Bh2+ 0-1

[Event "Late-Titled-Tuesday-Blitz-October-03-2023"]
[Site "Chess.com"]
[Date "2023.10.03"]
[Round "2"]
[White "Balla_Tamas"]
[Black "Iball95"]
[Result "0-1"]
[WhiteElo "2456"]
[BlackElo "2769"]
[TimeControl "180+1"]
[EndTime "14:13:07 PDT"]
[Termination "Iball95 won by resignation"]

1. e4 c5 2. c3 e6 3. d4 d5 4.
exd5 exd5 5. Nf3 Nf6 6. Bb5+ Nc6 7. O-O Be7 8. dxc5 Bxc5 9. Re1+ Be6 10. Nbd2 O-O 11.
Nb3 Bb6 12. Nbd4 Bg4 13. Be3 Rc8 14. h3 Bh5 15. Qd3 Ne4 16. Rad1 Qc7 17. Nf5 Rcd8 18. Bxb6 Qxb6 19. N3d4 Bxd1 20. Qxd1 Nxd4 21. Nxd4 a6 22. Bd3 Qxb2 23. Nf5 Qxc3 24. Qg4 Qxe1+ 0-1

[Event "Late-Titled-Tuesday-Blitz-October-03-2023"]
[Site "Chess.com"]
[Date "2023.10.03"]
[Round "2"]
[White "NMJeevanK"]
[Black "baki83"]
[Result "0-1"]
[WhiteElo "2535"]
[BlackElo "2824"]
[TimeControl "180+1"]
[EndTime "14:13:50 PDT"]
[Termination "baki83 won by resignation"]

1. e4 c5 2. Nc3 Nc6 3. Bb5 Nd4 4.
Bc4 e6 5. Nge2 Ne7 6. Nxd4 cxd4 7. Ne2 d5 8. exd5 Nxd5 9. d3 Bc5 10. O-O O-O 11. a3 b6 12. b4 Be7 13. Nxd4 Bb7 14. Bb2 Nf4 15. Qg4 e5 16. Nf5 Bf6 17. f3 h5 18. Nh6+ Kh7 19. Qf5+ g6 20. Qxf4 exf4 21.
Nxf7 Rxf7 0-1

[Event "Late-Titled-Tuesday-Blitz-October-03-2023"]
[Site "Chess.com"]
[Date "2023.10.03"]
[Round "2"]
[White "queen_iryna"]
[Black "ContrVersia"]
[Result "0-1"]
[WhiteElo "2373"]
[BlackElo "2868"]
[TimeControl "180+1"]
[EndTime "14:13:50 PDT"]
[Termination "ContrVersia won by resignation"]

1. e4 c5 2. Nf3 a6 3. c4 Nc6 4. Nc3 Nd4 5. g3 d6 6. Bg2 Bg4 7. O-O Nf6 8. d3 e6 9. a3 Bxf3 10. Bxf3 Be7 11. Bg2 O-O 12. Rb1 Nd7 13. b4 Qc7 14.
Be3 Bf6 15. Ne2 Rab8 16. Nxd4 Bxd4 17. Bxd4 cxd4 18. Qd2 Rfc8 19. Rfc1 Ra8 20. f4 a5 21. Qf2 axb4 22. axb4 e5 23. Rf1 Ra3 24. Rbd1 Nf6 25. Bh3 Rca8 26. g4 Ra2 27. Rd2 Ra1 28. g5 Nh5 29.
fxe5 dxe5 30. Rxa1 Rxa1+ 31. Bf1 Nf4 32. Qf3 Qe7 33.
c5 Qxg5+ 34. Kf2 Nh3+ 35. Qxh3 Qxd2+ 36. Kg1 Qe3+ 37. Kg2 Qxh3+ 0-1

[Event "Late-Titled-Tuesday-Blitz-October-03-2023"]
[Site "Chess.com"]
[Date "2023.10.03"]
[Round "2"]
[White "Beca95"]
[Black "ValeriyGrinev"]
[Result "1-0"]
[WhiteElo "3000"]
[BlackElo "2599"]
[TimeControl "180+1"]
[EndTime "14:13:55 PDT"]
[Termination "Beca95 won by resignation"]

1. e4 c5 2. Nc3 a6 3. g3 b5 4. Bg2 Bb7 5. Nh3 e6 6. O-O h5 7. d3 h4 8. g4 d6 9. f4 Nd7 10. f5 e5 11. g5 Ne7 12. a4 b4 13.
Nb1 Nc6 14. Nd2 Be7 15. Nc4 f6 16. a5 Nd4 17. c3 bxc3 18. bxc3 Nb5 19. gxf6 Nxf6 20.
Bd2 Nh5 21. Qg4 Kd7 22. f6+ Kc6 23. fxe7 Qxe7 24. Bg5 Qe8 25. d4 Bc8 26. d5+ Kb7 27. Qf3 Ra7 28. Qf7+ Ka8 29. Qxe8 Rxe8 30. Bd2 Nf6 31.
Ng5 Rh8 32. h3 Nh5 33. Nf7 1-0

[Event "Late-Titled-Tuesday-Blitz-October-03-2023"]
[Site "Chess.com"]
[Date "2023.10.03"]
[Round "2"]
[White "JoakimVonAnd"]
[Black "Nick12772"]
[Result "1-0"]
[WhiteElo "2716"]
[BlackElo "2364"]
[TimeControl "180+1"]
[EndTime "14:13:58 PDT"]
[Termination "JoakimVonAnd won by resignation"]

1. c4 Nf6 2. Nf3 g6 3. Nc3 d5 4. d4 Bg7 5. Bf4 O-O 6. e3 c5 7. dxc5 Qa5 8. Rc1 dxc4 9. Bxc4 Qxc5 10. Qb3 Nc6 11. Qb5 Qxb5 12. Nxb5 Bd7 13. h3 Rac8 14. O-O Na5 15. Be2 a6 16. Nc3 Nc4 17. b3 Nb6 18.
Ne5 Bc6 19. Nxc6 Rxc6 20. Bf3 Nh5 21. Bxc6 Nxf4 22. exf4 bxc6 23. Ne4 Nd5 24. g3 Rc8 25.
Rc4 f5 26. Nc5 Nc3 27. a4 Ne2+ 28. Kg2 Nd4 29. Rd1 Rb8 30. Rcxd4 Bxd4 31. Rxd4 1-0

[Event "Late-Titled-Tuesday-Blitz-October-03-2023"]
[Site "Chess.com"]
[Date "2023.10.03"]
[Round "2"]
[White "KVAIDAN"]
[Black "Sanyura"]
[Result "0-1"]
[WhiteElo "2267"]
[BlackElo "2664"]
[TimeControl "180+1"]
[EndTime "14:14:11 PDT"]
[Termination "Sanyura won by resignation"]

1. f4 c5 2. Nf3 g6 3. d3 Bg7 4. e4 d6 5. Be2 Nc6 6. O-O Nf6 7. Qe1 O-O 8. Qh4 e6 9. Nc3 Nd4 10. Bd1 d5 11. f5 exf5 12. Bh6 dxe4 13. Ng5 e3 14. Bf3 Nxc2 15. Nd5 e2 16. Bxg7 Kxg7 17.
Nxf6 exf1=Q+ 18. Rxf1 Qd4+ 19. Qxd4 Nxd4 20. Ngxh7 Rh8 21.
Bd5 Be6 22. Bxe6 Nxe6 23. g4 f4 24. g5 Rxh7 25. Nxh7 Kxh7 26. h4 Rd8 27. Rf3 Nd4 28.
Rxf4 Ne2+ 0-1

[Event "Late-Titled-Tuesday-Blitz-October-03-2023"]
[Site "Chess.com"]
[Date "2023.10.03"]
[Round "2"]
[White "Anton_Demchenko"]
[Black "canary2016"]
[Result "0-1"]
[WhiteElo "2912"]
[BlackElo "2141"]
[TimeControl "180+1"]
[EndTime "14:14:11 PDT"]
[Termination "canary2016 won on time"]

1. e4 c5 2. Nf3 d6 3. d4 cxd4 4. Nxd4 Nf6 5. Nc3 Nc6 6. Bg5 g6 7. Bxf6 exf6 8. Bb5 Bd7 9. Nde2 a6 10. Ba4 Be6 11. O-O Bg7 12. Qd2 O-O 13. Rfd1 Qb6 14. Bb3 Rad8 15. Nf4 Bxb3 0-1

[Event "Late-Titled-Tuesday-Blitz-October-03-2023"]
[Site "Chess.com"]
[Date "2023.10.03"]
[Round "2"]
[White "chessisveryfun1264"]
[Black "sergoy"]
[Result "0-1"]
[WhiteElo "2602"]
[BlackElo "3007"]
[TimeControl "180+1"]
[EndTime "14:14:17 PDT"]
[Termination "sergoy won by resignation"]

1. Nf3 d5 2. g3 g6 3. Bg2 Bg7 4. c4 c6 5. O-O e5 6. cxd5 cxd5 7. e4 dxe4 8. Qa4+ Nc6 9. Qxe4 Nf6 10. Qa4 O-O 11. Nc3 Bf5 12. Rd1 Nd7 13. Qb5 Nb6 14. b3 a6 15. Qc5 Rc8 16. Qe3 Nd4 17. Ne1 Bg4 18. f3 Bf5 19. Ba3 Re8 20. Rac1 h5 21.
Ne4 Nd5 22. Qf2 Bxe4 23. fxe4 Nf6 24. d3 Ng4 25. Rxc8 Qxc8 26. Qb2 Bh6 27. h3 Ne3 28. Rc1 Qxc1 29. Qxc1 Ne2+ 30. Kf2 Nxc1 0-1